[Event "Romanian Championship 2024"]
[Site "Eforie Nord"]
[Date "2024.02.24"]
[Round "1.1"]
[White "Lupulescu, Constantin"]
[Black "Ciocani, Iosif"]
[Result "1-0"]
[ECO "B82"]
[WhiteElo "2589"]
[BlackElo "2063"]
[Annotator "TA"]
[PlyCount "119"]
[EventDate "2024.02.24"]
[EventType "swiss"]
[EventCountry "ROU"]
[SourceTitle "playchess.com"]
[Source "ChessBase"]
[SourceQuality "1"]
[TimeControl "40/5400+30:900+30"]

1. e4 c5 2. Nf3 e6 3. d4 cxd4 4. Nxd4 Nc6 5. a3 Qc7 6. Be3 Nf6 7. Nc3 a6 8. f4 d6 9. Qf3 Be7 10. O-O-O {[%emt 0:05:11] B82: Sicilian Scheveningen: 6 f4.} O-O 11. Rg1 Nxd4 12. Rxd4 b5 13. g4 d5 14. e5 {[%emt 0:01:13] [#]} (14. g5 $11 Nxe4 15. Nxe4) 14... Ne4 (14... Nd7 $1 $15) 15. Nxe4 $11 dxe4 16. Qf2 $146 ({Predecessor:} 16. Qxe4 Bb7 17. Qd3 Bc5 18. Rd6 Bxd6 19. exd6 Qd7 20. Bc5 Bd5 21. Qd4 Qc6 22. Bd3 {½-½ Kulon,K (2319)-Vetoshko,V (2499) Bayern-chI Bank Hofmann 26th 2023 (3)}) 16... Bb7 17. Bg2 f6 18. Rgd1 (18. Bxe4 $2 fxe5 19. Bxb7 exd4 (19... Qxb7 $2 20. Rd3 $17) 20. Bxa8 dxe3 21. Qxe3 Rxa8 $19) 18... Bc6 $1 19. Qg3 (19. Bxe4 $2 fxe5 $19) (19. Rxe4 $15 Bxe4 20. Bxe4) 19... fxe5 $19 20. fxe5 Bc5 (20... Rac8 $17 {Strongly threatening ...Bd5.} 21. Qe1 Qxe5) 21. Rd6 $2 (21. R4d2 $1 $15 Bd5 22. Bxc5 Qxc5 23. Re1) 21... Bxd6 $2 (21... Rf3 $1 $19 22. Bxc5 Rxg3 23. hxg3 Bd5) 22. exd6 $11 Qf7 23. Bg5 Bd5 24. Qe5 Qb7 25. Re1 Rf3 26. Bxf3 exf3 27. Rd1 Qc6 (27... f2 $6 28. Rf1 $18) 28. Rd2 a5 29. b3 Rf8 (29... Bxb3 $2 30. d7 Bd5 31. d8=Q+ $18 (31. d8=R+ Rxd8 32. Bxd8 b4 $18)) 30. Bh4 h6 (30... Bxb3 $2 {loses.} 31. d7 Bd5 32. d8=Q $18 (32. d8=R Rxd8 33. Bxd8 Qc5 $18)) 31. Kb2 Rf7 32. Bg3 Qc5 33. Qc3 Qxc3+ 34. Kxc3 Kf8 $1 35. Kd4 b4 (35... Ke8 $11 {and Black has nothing to worry.}) 36. axb4 axb4 37. Kc5 Ke8 $2 (37... Rb7 $16 {might work better.}) 38. Kxb4 $18 Kd7 39. Kc5 Bb7 40. c4 Rf8 $2 (40... e5 {was worth a try.} 41. b4 (41. Bxe5 $2 {is the wrong capture.} f2 $19) 41... Rf8) 41. Ra2 $18 Ra8 42. Rxa8 Bxa8 43. Kd4 f2 44. Bxf2 Kxd6 45. Bg3+ Kd7 46. Be5 g6 47. Bg7 Bf3 48. Bxh6 Bxg4 49. b4 Kc6 50. Bg5 Be2 51. b5+ Kb6 52. Bd8+ Kb7 53. Kc5 e5 54. Kb4 e4 55. c5 Bf1 56. c6+ Ka7 57. Bg5 Kb6 {[%emt 0:00:09] [#]} 58. Be3+ $1 Kc7 59. Kc5 Bh3 60. b6+ 1-0

[Event "Romanian Championship 2024"]
[Site "Eforie Nord"]
[Date "2024.02.24"]
[Round "1.2"]
[White "Gales, Randi-Ioan"]
[Black "Parligras, Mircea-Emilian"]
[Result "0-1"]
[ECO "A13"]
[WhiteElo "2062"]
[BlackElo "2539"]
[Annotator "TA"]
[PlyCount "108"]
[EventDate "2024.02.24"]
[EventType "swiss"]
[EventCountry "ROU"]
[SourceTitle "playchess.com"]
[Source "ChessBase"]
[SourceQuality "1"]
[TimeControl "40/5400+30:900+30"]

1. c4 Nf6 2. g3 e6 3. Bg2 d5 4. Nf3 dxc4 5. Qa4+ Nbd7 6. Qxc4 a6 $1 {[%emt 0:00:21] 6...a6 is better than 6...c5.} 7. Qc2 c5 8. Nc3 Qc7 {[%emt 0:04:18] A13: English Opening: 1...e6.} 9. d4 b6 10. Bf4 Bd6 11. Bxd6 Qxd6 12. Ne4 (12. dxc5 $5 Qxc5 13. Nd2 $14) 12... Nxe4 13. Qxe4 Rb8 14. dxc5 Nxc5 15. Qe3 Bb7 16. O-O O-O 17. Rfd1 Qe7 18. Rd4 $146 ({Predecessor:} 18. Rd2 Rfd8 19. Rad1 Rxd2 20. Qxd2 Bd5 21. Ne5 Bxg2 22. Kxg2 f6 23. Nd7 Rc8 24. Nxc5 Qxc5 {0-1 Yim,S (2328)-Wang,J (2481) Los Angeles 1000GM GM 02 2023 (4.3)}) 18... a5 19. Rad1 Rfd8 20. Ne5 Bxg2 21. Kxg2 Qc7 22. Qd2 Rxd4 23. Qxd4 h6 24. Qd6 Qb7+ (24... Rc8 $11) 25. Kg1 (25. f3 $16) 25... Rc8 $11 26. Nc4 Na4 27. Qf4 Qc7 28. Nd6 Rd8 $1 29. Rd4 Rd7 30. Qe5 (30. Rxa4 $11 Qxd6 31. Qxd6 Rxd6 32. Ra3) 30... Qc5 (30... Nxb2 $17 31. h4 Na4) 31. Qxc5 $11 Nxc5 32. Kf1 Kf8 33. Ke1 Ke7 34. Nc8+ Kd8 35. Rxd7+ Nxd7 36. Nd6 Ke7 37. Nc4 f5 (37... Kd8 $11 {remains equal.}) 38. Kd2 $16 e5 39. Ke3 (39. a4 $16) 39... Ke6 $11 40. f4 Kd5 41. Nxe5 Nxe5 42. fxe5 Kxe5 43. h4 $2 (43. a4 $11) 43... g5 $19 44. hxg5 hxg5 45. a4 {[%emt 0:03:13] [#]} Kd5 $2 (45... g4 $1 {mates} 46. Kf2 Kd4 47. Kg2 Ke4 (47... Ke3 $2 48. Kf1 $19) 48. Kf2 f4 49. Kg2 fxg3 (49... Ke3 50. gxf4 Kxf4 51. Kf2 g3+ 52. Kg2 Ke3 53. Kxg3 Kxe2 54. Kf4 Kd2 55. Ke5 Kc1 56. Kf6 Kxb2 57. Ke6 Kb3 58. Kd5 Kxa4 59. Kc4 b5+ 60. Kd5 b4 61. Kc4 b3 62. Kc3 Ka3 63. Kd2 b2 64. Ke2 a4 65. Kf2 b1=Q 66. Kg2 Kb4 67. Kf2 Qe4 68. Kg3 a3 69. Kf2 a2 70. Kg3 a1=Q 71. Kh3 Qh8+ 72. Kg3 Qhh4#) 50. Kxg3 Ke3 51. Kxg4 Kxe2 52. Kh3 Kd2 53. Kg4 Kc2 54. Kg5 Kxb2 (54... Kb3 {is a self mate.} 55. Kh4 Kxa4 56. Kh5 Kb3 57. Kh4 Kxb2 58. Kh5 a4 59. Kg4 a3 60. Kh5 a2 61. Kg5 b5 62. Kh6 b4 63. Kg7 b3 64. Kh8 a1=Q 65. Kh7 Ka2 66. Kg8 b2 67. Kf7 b1=Q 68. Ke6 Qd4 69. Ke7 Qh7+ 70. Kf8 Qdh8#) 55. Kf5 Ka3 56. Kg6 Kxa4 57. Kf6 Kb3 58. Kg7 a4 59. Kg6 a3 60. Kg5 a2 61. Kf4 a1=Q (61... a1=B {gets mated.} 62. Kg4 Kc4 63. Kf4 b5 64. Kg4 b4 65. Kh5 b3 66. Kh6 b2 67. Kh5 b1=Q 68. Kg4 Qe4+ 69. Kg3 Be5+ 70. Kf2 Bh2 71. Kf1 Kd3 72. Kf2 Qe2#) 62. Kg5 Qe5+ 63. Kg4 Kc3 64. Kf3 Kd3 65. Kf2 Qe3+ 66. Kf1 b5 67. Kg2 Ke2 68. Kh2 Kf2 69. Kh1 Qh6#) 46. Kd3 $11 f4 47. gxf4 gxf4 48. e3 $2 {[%emt 0:00:19][%mdl 8192] [#]} (48. b3 $11) 48... fxe3 $1 49. Kxe3 Kc4 50. Kd2 Kb3 51. Kc1 Kxa4 52. Kc2 Kb4 53. b3 Ka3 54. Kc3 b5 0-1

[Event "Romanian Championship 2024"]
[Site "Eforie Nord"]
[Date "2024.02.24"]
[Round "1.3"]
[White "Gavrilescu, David"]
[Black "Sava, Robert-Gabriel"]
[Result "1-0"]
[ECO "C02"]
[WhiteElo "2523"]
[BlackElo "2053"]
[Annotator "TA"]
[PlyCount "59"]
[EventDate "2024.02.24"]
[EventType "swiss"]
[EventCountry "ROU"]
[SourceTitle "playchess.com"]
[Source "ChessBase"]
[SourceQuality "1"]
[TimeControl "40/5400+30:900+30"]

1. e4 e6 2. d4 d5 3. e5 c5 4. c3 Nc6 5. Nf3 Qb6 6. Be2 cxd4 7. cxd4 Nge7 8. Na3 Nf5 9. Nc2 Nb4 10. Nxb4 Bxb4+ 11. Kf1 Be7 12. g4 {[%emt 0:07:22][%cal Bg2g4,Bg4g5,Bg5h6][%mdl 32] White is slightly better.} Nh4 13. Nxh4 Bxh4 14. g5 h6 15. gxh6 g6 ({Black should play} 15... gxh6 $14 16. Rg1 Bd7) 16. Be3 Bd7 17. Rc1 Bc6 (17... Qxb2 $14 18. Bd3 Qa3) 18. Qd2 Be7 {[%emt 0:02:22] This costs Black the game.} (18... a6 $16 {was worth a try.} 19. Rg1 Be7) 19. h4 $18 O-O-O 20. Bg5 Rde8 21. Rh3 Qb4 $2 (21... Kd7 22. Rb3 Qc7) 22. Qf4 {[%emt 0:10:39] White is clearly winning.} Qa4 23. Bxe7 Rxe7 {[%emt 0:00:06] Black is weak on the dark squares} 24. Ra3 Qb4 25. Qf6 Ree8 {[%emt 0:01:05] [#]} 26. Rxc6+ $1 bxc6 27. Ba6+ Kd7 28. Rb3 Qxb3 29. axb3 Rh7 {[%emt 0:00:06] [#]} 30. h5 $1 {[%emt 0:00:15] Weighted Error Value: White=0.05 (flawless) /Black=0.73.  Mistake:       	---       	Black=4      Inaccurate:     	White=1     	Black=2      OK:         	White=7     	Black=2      Best:        	White=2     	---} 1-0

[Event "Romanian Championship 2024"]
[Site "Eforie Nord"]
[Date "2024.02.24"]
[Round "1.4"]
[White "Buzbuchi, Ionut"]
[Black "Ghimpu, Samuel-Timotei"]
[Result "0-1"]
[ECO "B45"]
[WhiteElo "2039"]
[BlackElo "2467"]
[Annotator "RC"]
[PlyCount "98"]
[EventDate "2024.02.24"]
[EventType "swiss"]
[EventCountry "ROU"]
[SourceTitle "playchess.com"]
[Source "ChessBase"]
[SourceQuality "1"]
[TimeControl "40/5400+30:900+30"]

1. e4 c5 2. Nf3 Nc6 3. d4 cxd4 4. Nxd4 Nf6 5. Nc3 e6 6. g3 Bb4 7. Bg2 O-O 8. O-O d6 9. Nde2 a6 10. a3 Bc5 11. b3 Qc7 12. Bb2 b5 13. Qd2 Bb7 14. Rad1 Rfd8 15. h3 Ne5 16. Kh2 d5 17. exd5 exd5 18. Nd4 b4 19. axb4 Bxb4 20. Qf4 Bd6 21. Qc1 Rac8 22. Nf5 Bf8 23. Ne2 Ne4 24. Qf4 f6 25. c4 Qf7 26. cxd5 Nc5 27. Bxe5 fxe5 28. Qg4 g6 29. Ne3 a5 30. h4 h5 31. Qg5 Ba6 32. Nc4 Qf5 33. Qe3 Qc2 34. d6 Qxb3 35. Bd5+ Kh7 36. Qxe5 Bxc4 37. Nf4 Bxd5 38. Rxd5 Qc2 39. Nxh5 Qf5 40. Nf6+ Kg7 41. Nh5+ Kg8 42. Qd4 Ne6 43. Nf6+ Kh8 44. Rxf5 Nxd4 45. Rxa5 Bxd6 46. Ne4 Be7 47. Kg2 Rc2 48. h5 Re2 49. Re5 Bf6 0-1

[Event "Romanian Championship 2024"]
[Site "Eforie Nord"]
[Date "2024.02.24"]
[Round "1.5"]
[White "Nevednichy, Vladislav"]
[Black "Negrean, Andrei"]
[Result "1-0"]
[ECO "B65"]
[WhiteElo "2451"]
[BlackElo "1990"]
[Annotator "TA"]
[PlyCount "87"]
[EventDate "2024.02.24"]
[EventType "swiss"]
[EventCountry "ROU"]
[SourceTitle "playchess.com"]
[Source "ChessBase"]
[SourceQuality "1"]
[TimeControl "40/5400+30:900+30"]

1. e4 c5 2. Nf3 Nc6 3. d4 cxd4 4. Nxd4 Nf6 5. Nc3 d6 6. Bg5 e6 7. Qd2 Be7 8. O-O-O Nxd4 9. Qxd4 O-O 10. f4 Qa5 11. e5 dxe5 12. Qxe5 Qxe5 13. fxe5 Nd5 14. Bxe7 Nxe7 15. Bd3 b6 16. Be4 Rb8 {[%emt 0:00:16] Black is weak on the light squares} 17. Rhe1 Bb7 18. Rd7 {[%emt 0:01:01] The position is equal.} Bxe4 19. Rxe4 Nc6 20. Nb5 Rfd8 21. Rd6 Rxd6 22. exd6 $11 {[%emt 0:01:02][%mdl 4096] Endgame. KRN-KRN} a6 $1 23. Nc7 Rd8 24. Ra4 Rxd6 (24... a5 $1 $11 {keeps the balance.}) 25. Rxa6 $16 Rd7 {[%emt 0:08:45] A mistake that costs the game.} (25... Nb8 $16 26. Ra8 Rd8) 26. Ra8+ $18 Rd8 27. Rxd8+ Nxd8 {[%emt 0:01:10] KN-KN} 28. a4 Kf8 29. Na8 b5 $2 (29... f5 30. b4 (30. Nxb6 Kf7 $18) 30... Ke8 31. Nxb6 Nc6) 30. axb5 Ke7 31. b4 Nb7 32. c4 Nd6 {[%emt 0:00:14] [#]} (32... Kd6 $142 33. Kd2 g5) 33. b6 $1 {[%emt 0:00:29] Threatens to win with c5.} ({Less strong is} 33. Nb6 Kd8 $14) 33... Kd7 34. c5 Nb7 35. Kd2 f5 36. Nc7 e5 37. Na6 e4 38. Ke3 g5 39. b5 {[%emt 0:00:13] [#] Black must now prevent c6+.} Na5 40. c6+ Nxc6 41. b7 {[%emt 0:01:59] White mates.} Nb8 42. Nxb8+ Kc7 43. Nc6 Kxb7 44. Nd4 {[%emt 0:00:06] Weighted Error Value: White=0.03 (flawless) /Black=0.76.  Mistake:       	---       	Black=4      Inaccurate:     	---       	Black=1      OK:         	White=8     	Black=6      Best:        	White=2     	Black=3      Strong:       	White=1     	Black=1} 1-0

[Event "Romanian Championship 2024"]
[Site "Eforie Nord"]
[Date "2024.02.24"]
[Round "1.6"]
[White "Mintau, Andrei-Catalin"]
[Black "Bulmaga, Irina"]
[Result "0-1"]
[ECO "B90"]
[WhiteElo "2039"]
[BlackElo "2439"]
[Annotator "TA"]
[PlyCount "106"]
[EventDate "2024.02.24"]
[EventType "swiss"]
[EventCountry "ROU"]
[SourceTitle "playchess.com"]
[Source "ChessBase"]
[SourceQuality "1"]
[TimeControl "40/5400+30:900+30"]

1. e4 c5 2. Nf3 d6 3. d4 cxd4 4. Nxd4 Nf6 5. Nc3 a6 6. a4 e5 7. Nf3 h6 8. Bc4 Be7 9. O-O Be6 10. Qe2 O-O 11. Rd1 {[%emt 0:01:13] Bxe6 would now be deadly. The position is equal.} Qc7 12. Ba2 Rc8 13. Be3 Bxa2 14. Rxa2 Nc6 15. Nh4 g6 {[%emt 0:20:07] Prevents Nf5.} (15... Nxe4 $11 16. Nxe4 Bxh4 (16... Nb4 $2 17. Nf5 $18)) 16. Bxh6 (16. Nf3 $14) 16... Nd4 $15 17. Qd2 {[%emt 0:00:03][%cal Oh4f5] [#]} Nxe4 $1 18. Nxe4 Bxh4 19. c3 Nf5 20. Bg5 {[%emt 0:01:04] Hoping for g4.} (20. Nxd6 $2 Rd8 21. Qc1 Rxd6 $19) 20... Qc4 21. Qd5 (21. Nxd6 $2 Nxd6 (21... Qxa2 $2 22. Nxf5 Rd8 23. Bxd8 $19) 22. Bxh4 Nf5 $19 (22... Qxa2 $2 23. Qxd6 Qxb2 24. Bf6 $19)) (21. Nf6+ {seems wilder.} Kg7 22. Ra3 Bxg5 23. Qxg5 Qe6 24. Nd5) 21... Bxg5 (21... Qxd5 {simplifies} 22. Rxd5 Bxg5 23. Nxg5 Rc6) 22. Nxg5 Qxd5 23. Rxd5 Rc6 24. Ne4 Rd8 25. b4 Ne7 26. Rd3 f5 27. Nc5 Rb8 (27... e4 $15 28. Rd1 Rb8) 28. Nd7 $11 Rbc8 29. Rad2 Rxc3 30. Rxd6 Rc1+ 31. Rd1 Rxd1+ 32. Rxd1 {[%emt 0:00:01][%mdl 4096] Endgame. KRN-KRN} e4 33. Nc5 (33. Ne5 $11) 33... Rc7 (33... a5 $1 $17 34. Nxb7 axb4) 34. g3 Kf7 35. Rd6 Nc6 36. Nxb7 Nxb4 $1 $17 37. Rb6 Nd5 (37... Nd3 $17 {Threatens to win with ...Ke7.} 38. h4 Rc1+ 39. Kg2 Rc2) 38. Nd6+ $11 Ke7 39. Rxa6 Rc1+ (39... Nb4 $5 40. Rb6 $8 Rc1+ 41. Kg2 Nd5 $15) 40. Kg2 Rc2 {[%emt 0:00:00][%mdl 1024] White must now prevent ...Ne3+. Black has compensation.} 41. Kg1 $1 Nb4 42. Rb6 {[%emt 0:00:11] aiming for Nxf5+.} Nd3 43. a5 Rc1+ 44. Kg2 Ne1+ 45. Kh3 Nf3 46. g4 Rg1 ({Don't blunder} 46... Rd1 $2 47. gxf5 Rg1 48. Nc8+ (48. Nxe4 gxf5 49. Ng3 Ng5+ 50. Kh4 Nf3+ 51. Kh5 Rg2 $18) (48. fxg6 Rg5 $18) 48... Kd8 49. Rxg6 Ng5+ 50. Kh4 Nf3+ 51. Kh5 $18) 47. gxf5 Ng5+ 48. Kh4 Nf3+ 49. Kh3 {[%emt 0:00:05] Strongly threatening Nc8+.} g5 50. f6+ $2 {[%emt 0:07:20][%mdl 8192] [#]} (50. Nxe4 $2 g4#) (50. Nc8+ $11 Kd7 51. Rg6 Kxc8 52. a6) 50... Kd7 $1 {[%emt 0:00:02][%csl Gg1][%cal Rg5g4] Black mates.} (50... Kxf6 51. Nxe4+ Ke5 52. Ng3 $16) 51. Rb7+ Kxd6 52. Rg7 Ne5 53. a6 Nd3 {[%emt 0:01:47] Weighted Error Value: White=0.32/Black=0.11 (very precise) .  Loses game:     	White=1     	---        Mistake:       	White=3     	Black=4      Inaccurate:     	White=3     	Black=3      OK:         	White=17    	Black=17     Best:        	White=2     	Black=3      Strong:       	White=1     	Black=2} 0-1

[Event "Romanian Championship 2024"]
[Site "Eforie Nord"]
[Date "2024.02.24"]
[Round "1.7"]
[White "Magold, Filip"]
[Black "Mazilu, Stefan Fabian"]
[Result "1-0"]
[ECO "A30"]
[WhiteElo "2400"]
[BlackElo "2036"]
[Annotator "TA"]
[PlyCount "63"]
[EventDate "2024.02.24"]
[EventType "swiss"]
[EventCountry "ROU"]
[SourceTitle "playchess.com"]
[Source "ChessBase"]
[SourceQuality "1"]
[TimeControl "40/5400+30:900+30"]

1. c4 Nf6 2. Nf3 g6 3. b3 Bg7 4. Bb2 c5 5. g3 Nc6 6. Bg2 d6 7. d4 cxd4 8. Nxd4 Bd7 {[%emt 0:00:59] White is slightly better.} 9. O-O Rc8 10. e3 h5 11. h3 a6 12. Nc3 O-O 13. Nde2 Qa5 14. a4 Qb6 15. Nf4 Nb4 16. a5 Qc7 17. Qd2 Bc6 (17... e5 $14) 18. e4 b6 19. Ncd5 Bxd5 20. exd5 (20. axb6 $1 $16 Qxb6 21. exd5 (21. cxd5 Rc2 $17)) 20... bxa5 $14 21. Rfe1 Rfe8 22. Re2 {[%emt 0:06:54][%mdl 1024] White has strong compensation. White is much more active.} Rb8 23. Bc3 h4 24. g4 (24. gxh4 Bh6 $11) (24. Bd4 $14) 24... g5 $2 (24... Bh6 $1 $11 25. Bd4 Qd8) 25. Nh5 $1 $18 Nxh5 26. gxh5 {[%emt 0:00:27] Black is weak on the light squares} (26. Qxg5 Nf6 $11 (26... Kf8 $2 27. Bxg7+ Nxg7 28. Qh6 $18)) 26... Bf6 (26... Bxc3 $142 27. Qxc3 Rf8) 27. Kh1 {[%emt 0:01:50] f4 would now be deadly.} Qd7 28. f4 g4 (28... Bxc3 29. Qxc3 Qf5 30. fxg5 $18 (30. Rxa5 Qd3 $11)) 29. hxg4 ({Don't do} 29. Rxa5 $6 gxh3 (29... Bxc3 30. Qxc3 Qf5 31. hxg4 $16) 30. Be4 (30. Bxb4 $2 hxg2+ 31. Rxg2+ Kh8 $19) 30... Qg4 (30... Bxc3 $2 31. Qxc3 Rf8 32. Ra1 $18)) 29... Qxg4 30. Rg1 Kh8 {[%emt 0:00:46] [#]} ({Wrong is} 30... Bxc3 $2 31. Qxc3 $18) 31. Rxe7 ({White should play} 31. h6 $1 {[%cal Oe2e7][%mdl 512] aiming for Rxe7!} Qf5 32. Rge1) 31... Qg7 $2 {[%emt 0:00:48][%mdl 8192] [#]} (31... Bxc3 $16 32. Qxc3+ Qg7 33. Qxg7+ Kxg7 34. Bf1+ Kf6) 32. h6 $1 {[%emt 0:00:21][%mdl 512] Weighted Error Value: White=0.22 (precise) /Black=0.45.  Loses game:     	---       	Black=2      Mistake:       	White=3     	Black=2      Inaccurate:     	White=5     	Black=4      OK:         	White=8     	Black=4      Best:        	---       	Black=2      Strong:       	White=1     	---        Brilliant:      	White=1     	---} 1-0

[Event "Romanian Championship 2024"]
[Site "Eforie Nord"]
[Date "2024.02.24"]
[Round "1.9"]
[White "Manolache, Marius"]
[Black "Andronescu, Madalin"]
[Result "1-0"]
[ECO "A45"]
[WhiteElo "2387"]
[BlackElo "2007"]
[Annotator "RC"]
[PlyCount "101"]
[EventDate "2024.02.24"]
[EventType "swiss"]
[EventCountry "ROU"]
[SourceTitle "playchess.com"]
[Source "ChessBase"]
[SourceQuality "1"]
[TimeControl "40/5400+30:900+30"]

1. d4 Nf6 2. Bf4 g6 3. Nc3 c5 4. d5 d6 5. e4 Bg7 6. a4 O-O 7. Bc4 Na6 8. Nge2 Nc7 9. O-O Rb8 10. Re1 a6 11. a5 b5 12. axb6 Rxb6 13. Rb1 e6 14. Qd2 exd5 15. exd5 Ng4 16. Bg5 f6 17. Bf4 Ne5 18. b3 Rb4 19. Bxe5 fxe5 20. Ne4 Qh4 21. N2g3 Bh6 22. Qe2 Rb6 23. Nxc5 dxc5 24. d6+ Ne6 25. Qxe5 Re8 26. Qxc5 Qd8 27. Rbd1 Bf8 28. Ne4 Kh8 29. Qxc8 Qxc8 30. d7 Qb8 31. dxe8=Q Qxe8 32. Ng5 Rd6 33. Rxd6 Bxd6 34. Rxe6 Qd7 35. Rxd6 Qe7 36. Rd8+ Kg7 37. Ne6+ Kf6 38. g3 Qb4 39. Rd4 Qc3 40. Rf4+ Ke7 41. Nc7 Qxc2 42. Nxa6 g5 43. Rd4 h5 44. Nb4 Qb2 45. h4 Qa3 46. Nc6+ Kf6 47. hxg5+ Kxg5 48. Rf4 Qb2 49. Nd4 Qc3 50. Kg2 Kg6 51. Rh4 1-0

[Event "Romanian Championship 2024"]
[Site "Eforie Nord"]
[Date "2024.02.24"]
[Round "1.10"]
[White "Melinte, Rares-Andrei"]
[Black "Ognean, Mihnea-Ionut"]
[Result "0-1"]
[ECO "E11"]
[WhiteElo "1989"]
[BlackElo "2382"]
[Annotator "RC"]
[PlyCount "86"]
[EventDate "2024.02.24"]
[EventType "swiss"]
[EventCountry "ROU"]
[SourceTitle "playchess.com"]
[Source "ChessBase"]
[SourceQuality "1"]
[TimeControl "40/5400+30:900+30"]

1. d4 Nf6 2. c4 e6 3. g3 d5 4. Nf3 Bb4+ 5. Bd2 a5 6. Bg2 O-O 7. O-O dxc4 8. Qc2 Bxd2 9. Nbxd2 b5 10. b3 cxb3 11. Nxb3 Bb7 12. Rfc1 Bd5 13. Qxc7 Qxc7 14. Rxc7 Na6 15. Rcc1 Nb4 16. Nfd2 a4 17. Bxd5 Nbxd5 18. Nc5 b4 19. Rcb1 Rfb8 20. Rb2 Nc3 21. Nc4 Nfd5 22. Kf1 g5 23. Ne5 Rb5 24. Rc1 a3 25. Rd2 Nxa2 26. Rxa2 b3 27. Nxb3 Rxb3 28. Nc4 Nb4 29. Raa1 a2 30. Ke1 Nc2+ 31. Rxc2 Rb1+ 32. Rc1 Rxc1+ 33. Rxc1 a1=Q 34. Rxa1 Rxa1+ 35. Kd2 Rh1 36. Ne5 Rxh2 37. Ke3 Rh1 38. g4 f6 39. Nd7 Kf7 40. f3 Ra1 41. Ke4 Ke7 42. Nc5 Ra3 43. e3 h5 0-1

[Event "Romanian Championship 2024"]
[Site "Eforie Nord"]
[Date "2024.02.24"]
[Round "1.11"]
[White "Ilinca, Felix-Antonio"]
[Black "Dodoi, Matei-Teodor"]
[Result "1-0"]
[ECO "A11"]
[WhiteElo "2415"]
[BlackElo "1947"]
[Annotator "TA"]
[PlyCount "95"]
[EventDate "2024.02.24"]
[EventType "swiss"]
[EventCountry "ROU"]
[SourceTitle "playchess.com"]
[Source "ChessBase"]
[SourceQuality "1"]
[TimeControl "40/5400+30:900+30"]

1. Nf3 Nf6 2. g3 g6 3. b3 Bg7 4. Bb2 d5 5. c4 c6 6. Bg2 O-O 7. O-O a5 8. d3 Bg4 9. h3 Bxf3 10. Bxf3 Nbd7 (10... d4 $15) 11. cxd5 $11 cxd5 12. Nc3 Ne5 13. Bg2 Nc6 14. d4 Qd6 15. e3 Rab8 16. Qe2 Rfc8 17. Rac1 Na7 18. Rc2 b5 19. Rfc1 e6 20. Qd3 Qd7 21. Bf1 Bf8 22. a4 bxa4 23. Nxa4 Rxc2 24. Qxc2 Rc8 $2 {[%emt 0:03:49][%mdl 8192] [#]} (24... h5 $11) 25. Nb6 $1 $18 Rxc2 26. Nxd7 Rxb2 27. Nxf6+ Kg7 28. Ne8+ Kg8 29. Rc7 Bb4 30. Rxa7 Be1 31. Nf6+ (31. Be2 $142) 31... Kg7 32. Ng4 h5 33. Ne5 Bxf2+ 34. Kh1 Bxe3 35. Rxf7+ (35. Nxf7 Bxd4 36. Rc7 (36. Rxa5 $2 Kxf7 37. Ra3 Bc5 $19) 36... Kf6 $11) 35... Kg8 36. Rf6 (36. Re7 $18) 36... Bxd4 $16 37. Rxg6+ (37. Rxe6 $6 Rb1 38. Re8+ (38. Rxg6+ Kf8 $11) 38... Kg7 $11) 37... Kf8 {[%emt 0:00:20] [#]} 38. Nf3 (38. Rxe6 $6 Rb1 $11) (38. Nc6 $1 $16 Kf7 39. Rh6) 38... Kf7 $14 39. Rh6 Bg7 (39... Bf6 $14) 40. Ng5+ $18 (40. Rxh5 Rxb3 41. Bg2 a4 $14) 40... Ke8 41. Bb5+ (41. Rxh5 Rxb3 42. Nxe6 Rxg3 $18) 41... Kf8 42. Nxe6+ ({Much less strong is} 42. Rxh5 Rxb3 43. Nxe6+ Kf7 44. Nxg7 Kxg7 45. Rxd5 Rxg3 $18) 42... Kf7 43. Ng5+ ({Stronger than} 43. Rxh5 Kxe6 44. Bc6 d4 $11) 43... Kg8 44. Rg6 ({Not} 44. Rxh5 Rxb3 45. Bc6 Rxg3 46. Bxd5+ Kf8 $18) 44... Rxb3 45. Bc6 {[%emt 0:00:27] White is clearly winning.} Rb1+ 46. Kg2 Kh8 (46... Kf8 $142 47. Bxd5 Bc3) 47. Bxd5 a4 48. Ra6 {[%emt 0:00:18] Weighted Error Value: White=0.19 (very precise) /Black=0.38.  Loses game:     	---       	Black=2      Mistake:       	White=3     	Black=2      Inaccurate:     	White=2     	---        OK:         	White=15    	Black=14     Best:        	White=5     	Black=7      Strong:       	White=1     	---} 1-0

[Event "Romanian Championship 2024"]
[Site "Eforie Nord"]
[Date "2024.02.24"]
[Round "1.12"]
[White "Samu, Sorin-Mihai"]
[Black "Secheres, Adrian-Simion"]
[Result "0-1"]
[ECO "C56"]
[WhiteElo "2004"]
[BlackElo "2371"]
[Annotator "TA"]
[PlyCount "54"]
[EventDate "2024.02.24"]
[EventType "swiss"]
[EventCountry "ROU"]
[SourceTitle "playchess.com"]
[Source "ChessBase"]
[SourceQuality "1"]
[TimeControl "40/5400+30:900+30"]

1. e4 e5 2. Nf3 Nc6 3. Bc4 Nf6 4. d4 exd4 5. e5 d5 6. Bb5 Ne4 7. Nxd4 Bc5 8. O-O O-O 9. Nxc6 (9. Bxc6 $11 bxc6 10. Be3) 9... bxc6 $15 10. Bd3 f5 11. c4 {[%emt 0:04:54] Black is slightly better.} Be6 12. Qe2 Rb8 13. Nc3 Bd4 {[%emt 0:06:20][%csl LRc3,LRe5] Black has more active pieces. The white rooks are passive.} 14. cxd5 cxd5 15. Nb5 (15. Bxe4 $17 fxe4 16. Be3 Bxe5 17. Bxa7) 15... Bb6 (15... Bxe5 $19 {and Black stays clearly on top. aiming for ...c6.} 16. f3 Bd7 (16... Qh4 17. f4 $19)) 16. Be3 $17 d4 17. Bf4 Nc5 18. Bc4 (18. Rac1 $15) 18... d3 $19 19. Bxe6+ Nxe6 20. Qd2 {[%emt 0:00:44] [#]} (20. Qf3 {was the crucial defense.}) 20... g5 {[%emt 0:01:55] Black is clearly winning.} 21. Bg3 f4 22. Nc3 fxg3 23. hxg3 Qd4 {[%emt 0:05:33] Repels Ne4} 24. Rae1 Ba5 25. Re4 (25. Re3 $142 Rbd8 26. a3) 25... Qxe4 26. Nxe4 Bxd2 27. Nxd2 Rxb2 {[%emt 0:00:15] Weighted Error Value: White=0.88/Black=0.19 (very precise) .  Mistake:       	White=4     	Black=1      Inaccurate:     	White=3     	Black=2      OK:         	White=4     	Black=4      Best:        	White=1     	Black=2} 0-1